 Dungeon Crawl Stone Soup version 0.30.0-3-ga4e48a9924 (webtiles) character file.

Game seed: 9060424657031709882

132 Daunt the Trooper (level 5, -1/46 HPs)
             Began as a Meteoran Hexslinger on May 7, 2023.
             Was a Follower of Uskayaw.
             Slain by a cerulean imp
             ... wielding a +0 spear
             ... summoned by Natasha
              (4 damage)
             ... on level 2 of the Dungeon.
             The game lasted 00:10:46 (935 turns).

Daunt the Trooper (Meteoran Hexslinger)              Turns: 935, Time: 00:10:46

Health: -1/46      AC:  3    Str: 11    XL:     5   Next: 66%
Magic:  8/8        EV: 12    Int: 15    God:    Uskayaw [*.....]
Gold:   70         SH:  0    Dex: 16    Spells: 5/6 levels left

rFire   . . .        b - +1 sling
rCold   . . .        (no shield)
rNeg    . . .        h - +0 leather armour
rPois   .            (no helmet)
rElec   .            (no cloak)
rCorr   .            (no gloves)
SInv    .            (no boots)
Will    +....        l - amulet of faith
Stlth   +            t - ring of willpower
HPRegen 0.27/turn    (no ring)
MPRegen 0.11/turn

%: faith
@: slowed, glowing, very slow
A: sense surroundings 1, otherworldly, glowing, explore regen
a: Renounce Religion, Stomp


You were on level 2 of the Dungeon.
You worshipped Uskayaw.
Uskayaw was noncommittal.
You visited 1 branch of the dungeon, and saw 3 of its levels.

You collected 94 gold pieces.
You spent 24 gold pieces at shops.

Inventory:

Hand Weapons
 a - a +2 dagger of venom
 b - a +1 sling (weapon)
 q - a +0 spear of flaming
Missiles
 d - 6 stones
 p - 3 poisoned darts
Armour
 c - a +0 robe
 h - a +0 leather armour (worn)
 r - a +0 ring mail
Jewellery
 l - an amulet of faith (around neck)
 t - a ring of willpower (left hand)
Wands
 v - a wand of polymorph (8)
Scrolls
 i - 2 scrolls of fear {unknown}
 k - a scroll of teleportation {unknown}
 m - a scroll of fog {unknown}
 n - 6 scrolls of identify {unknown}
 o - a scroll of enchant armour {unknown}
 w - a scroll of poison
Potions
 e - a potion of heal wounds {unknown}
 f - 2 potions of lignification {unknown}
 g - a potion of curing {unknown}
 j - 2 potions of magic {unknown}
 s - a potion of attraction {unknown}
 u - 3 potions of might


   Skills:
 + Level 4.2 Fighting
 - Level 3.8 Ranged Weapons
 - Level 2.4 Dodging
 - Level 1.3 Spellcasting
 - Level 3.6 Hexes


You had 5 spell levels left.
You knew the following spells:

 Your Spells              Type           Power      Damage    Failure   Level
a - Slow                  Hex            44%        N/A       7%          1

Your spell library contained the following spells:

 Spells                   Type           Power      Damage    Failure   Level
 Magic Dart               Conj           4%         1d3       30%         1
 Inner Flame              Hex/Fire       6%         N/A       41%         3
 Portal Projectile        Hex/Tloc       12%        N/A       41%         3
 Searing Ray              Conj           2%         2d4       43%         2
 Cause Fear               Hex            5%         N/A       56%         4
 Fulminant Prism          Conj/Hex       3%         3d5       83%         4


Dungeon Overview and Level Annotations

Branches:
Dungeon (3/15) Zot: 821

Altars:
Uskayaw

Shops:
D:1 *

Annotations:
D:2 Natasha
D:3 1 transporter


Innate Abilities, Weirdness & Mutations

You passively map a small area around you.
You are easily found by Zot.
You glow in the dark.
You regain HP and MP as you explore.


Message History

Unknown command.
Unknown command.
Fire: b) +1 sling
Press: ? - help, Q - select action, (/) - cycle Shift-Dir - straight line, f/p - Natasha
Aim: Natasha, carrying a wand of polymorph (5) (moderately wounded, 55% to hit)
You shoot a sling bullet.
The sling bullet closely misses Natasha.
The sling bullet misses the cerulean imp.
The cerulean imp hits you from afar with a +2 spear.
* * * LOW HITPOINT WARNING * * *
The cerulean imp closely misses you. Natasha claws you.
* * * LOW HITPOINT WARNING * * *
The cerulean imp barely misses you.
Unknown command.
Unknown command.
Fire: b) +1 sling
Press: ? - help, Q - select action, (/) - cycle Shift-Dir - straight line, f/p - Natasha
Aim: Natasha, carrying a wand of polymorph (5) (moderately wounded, 55% to hit)
You shoot a sling bullet.
The sling bullet hits Natasha but does no damage.
Natasha is moderately wounded.
The cerulean imp hits you from afar with a +0 spear.
* * * LOW HITPOINT WARNING * * *
Natasha claws you but does no damage.
The cerulean imp hits you from afar with a +2 spear.
* * * LOW HITPOINT WARNING * * *
The cerulean imp closely misses you. Natasha misses you.
The cerulean imp hits you from afar with a +2 spear.
* * * LOW HITPOINT WARNING * * *
You can no longer pass through a line of other dancers.
Unknown command.
Unknown command.
Unknown command.
Fire: b) +1 sling
Press: ? - help, Q - select action, (/) - cycle Shift-Dir - straight line, f/p - Natasha
Aim: Natasha, carrying a wand of polymorph (5) (moderately wounded, 55% to hit)
You shoot a sling bullet. The sling bullet hits Natasha.
Natasha is heavily wounded.
The cerulean imp hits you from afar with a +0 spear.
You die...

#.#
..........
#.#
#######..***
#.# #. #.#
*#### ,* #.#
###.... #.#
....... #.#
....... ##
#.##.......
+.
#..@h5.....
, , *#
####.......
# * ,.5.....
# , .......
# * *
....... , ,
,.....#. * *
* *###### ,
, ,*


You could see Natasha and 2 cerulean imps.

Vanquished Creatures
  2 hounds (D:3)
  Jessica (D:2)
  2 worms
  3 dart slugs
  8 ball pythons
  4 endoplasms
  A giant cockroach (D:2)
  3 goblins (D:1)
  2 hobgoblins
  A quokka (D:1)
  2 bats (D:1)
  4 frilled lizards
  2 kobolds (D:1)
  5 rats
40 creatures vanquished.

Notes
Turn   | Place    | Note
-------+----------+-------------------------------------------
     0 | D:1      | Daunt the Meteoran Hexslinger began the quest for the Orb.
     0 | D:1      | Reached XP level 1. HP: 16/16 MP: 3/3
    73 | D:1      | Reached XP level 2. HP: 23/23 MP: 5/5
   234 | D:1      | Reached XP level 3. HP: 25/28 MP: 6/6
   379 | D:1      | Found a faded altar of an unknown god.
   390 | D:1      | Prayed at the altar of an unknown god.
   390 | D:1      | Became a worshipper of Uskayaw the Reveller
   390 | D:1      | Reached * piety under Uskayaw
   448 | D:1      | Found Coovaff's Assorted Antiques.
   462 | D:1      | Bought a scroll labelled FEDUGA PYSKAUBB for 24 gold pieces
   480 | D:1      | Glimpsed the power of Zot.
   602 | D:2      | Reached ** piety under Uskayaw
   645 | D:3      | Found a transporter.
   661 | D:3      | Reached skill level 2 in Fighting
   661 | D:3      | Reached XP level 4. HP: 33/37 MP: 7/7
   665 | D:3      | Reached *** piety under Uskayaw
   669 | D:3      | Reached skill level 3 in Fighting
   669 | D:3      | Reached XP level 5. HP: 43/45 MP: 8/8
   806 | D:2      | Noticed Jessica
   815 | D:2      | Killed Jessica
   816 | D:2      | Reached skill level 4 in Fighting
   922 | D:2      | Noticed Natasha
   934 | D:2      | HP: 2/46 [cerulean imp/+2 spear[Natasha] (2)]
   935 | D:2      | Slain by a cerulean imp

Illustrated notes

Levels and vault maps discovered:
D:1:      saegor_arrival_simple_c, layout_loops_cross, serial_shops,
          nicolae_shop_getting_attention, dilly_ecumenical_altar_fadedgnrine,
          hangedman_decor_clover_reticule
D:2:      layout_basic, uniq_jessica, uniq_natasha
D:3:      gammafunk_wand_slinger, layout_basic, minmay_liquid_box, corexii_shack

Skill      XL: |  1  2  3  4  5 |
---------------+----------------+-----
Ranged Weapons | 3 |  3.8
Fighting       | 2 3 4 |  4.2
Dodging        | |  2.4
Spellcasting   | |  1.3
Hexes          | |  3.6

Action                     |  1- 3 |  4- 6 || total
---------------------------+-------+-------++-------
   Fire: Sling             |    95 |    50 ||   145
   Cast: Slow              |     2 |       ||     2
 Armour: Robe              |    10 |       ||    10
         Leather armour    |     7 |     9 ||    16
  Dodge: Dodged            |    27 |    17 ||    44
